 Dungeon Crawl Stone Soup version 0.27-a0-1188-g73eefd5def (webtiles) character file.

Game seed: 15007558050804345061

91 rageheart7 the Chopper (level 4, -1/52 HPs)
             Began as a Demonspawn Wanderer on May 21, 2021.
             Was a Believer of Vehumet.
             Succumbed to a scorpion's poison
             ... on level 2 of the Dungeon.
             The game lasted 00:04:29 (1956 turns).

rageheart7 the Chopper (Demonspawn Wanderer)        Turns: 1956, Time: 00:04:30

Health: -1/52      AC: 22    Str: 14    XL:     4   Next: 33%
Magic:  0/5        EV:  2    Int: 13    God:    Vehumet [**....]
Gold:   111        SH:  0    Dex: 12    Spells: 2/5 levels left

rFire    . . .     SeeInvis .   a - +2 hand axe
rCold    . . .     Faith    .   (no shield)
rNeg     + + +     Spirit   .   (armour currently unavailable)
rPois    +         Reflect  .   (helmet currently unavailable)
rElec    .         Harm     .   (cloak currently unavailable)
rCorr    .         Rampage  .   (gloves currently unavailable)
Will     .....     NoTele   +   (boots currently unavailable)
Stlth    +.........             (no amulet)
HPRegen  0.17/turn              (no ring)
MPRegen  0.09/turn              (no ring)

@: lethally poisoned (-1 -> -7), tree-form, attractive
A: stationary, stasis, torment immunity, boosted hp, (talons 1)
a: Renounce Religion


You were on level 2 of the Dungeon.
You worshipped Vehumet.
Vehumet was pleased with you.
You were a tree.
You visited 1 branch of the dungeon, and saw 2 of its levels.

You collected 111 gold pieces.

Inventory:

Hand Weapons
 a - a +2 hand axe (weapon)
Missiles
 c - 10 poisoned darts (quivered)
 i - 4 javelins
Armour
 e - a +0 robe (melded)
 g - a +0 helmet (melded)
Jewellery
 l - a ring of wizardry
Scrolls
 f - a scroll of immolation {unknown}
 j - a scroll of teleportation
 k - a scroll of blinking {unknown}
Potions
 d - a potion of flight


   Skills:
 - Level 3.0 Fighting
 - Level 3.0 Axes
 - Level 2.6 Staves
 - Level 1.0 Throwing
 * Level 1.3 Spellcasting
 * Level 2.3 Conjurations
 - Level 1.0 Evocations


You had 2 spell levels left.
You knew the following spells:

 Your Spells              Type           Power      Damage    Failure   Level
a - Foxfire               Conj/Fire      12%        2x1d4     17%         1
b - Poisonous Vapours     Pois/Air       0%         N/A       38%         2

Your spell library contained the following spells:

 Spells                   Type           Power      Damage    Failure   Level


Dungeon Overview and Level Annotations

Branches:
Dungeon (2/15)

Altars:
Vehumet


Innate Abilities, Weirdness & Mutations

You are a tree.
Your roots penetrate the ground, keeping you stationary.
You cannot be teleported.
You are immune to unholy pain and torment.
Your maximum health is greatly increased.
Your equipment is partially melded.
((You have sharp toenails.))


Message History

You conjure some foxfire!
You feel sick.
The scorpion stings you but does no damage.
The scorpion barely misses you.
You closely miss the scorpion. You claw the scorpion.
The scorpion is heavily wounded.
You feel sick.
The foxfire hits the scorpion but does no damage.
The scorpion is heavily wounded.
The foxfire hits the scorpion but does no damage.
The scorpion is heavily wounded.
The scorpion stings you.
You closely miss the scorpion.
You claw the scorpion, but do no damage.
The scorpion is heavily wounded.
You feel sick. The scorpion stings you.
You are more poisoned.
The scorpion poisons you!
You feel very sick. The scorpion stings you!
* * * LOW HITPOINT WARNING * * *
It was a potion of attraction.
You feel attractive to monsters.
* * * LOW HITPOINT WARNING * * *
You feel very sick. The scorpion closely misses you.
It was a potion of lignification.
You turn into a tree.
Your +0 helmet melds into your body.
Your +0 robe melds into your body.
Your roots penetrate the ground.
* * * LOW HITPOINT WARNING * * *
You feel sick. The scorpion stings you.
* * * LOW HITPOINT WARNING * * *
Casting: Foxfire (safe; 17% risk of failure)
Confirm with . or Enter, or press ? or * to list all spells.
You conjure some foxfire!
* * * LOW HITPOINT WARNING * * *
You feel sick.
The scorpion stings you but does no damage.
You closely miss the scorpion.
The scorpion is heavily wounded.
You die...

.##.....# #.........#
.##.....# #.........#
.##.....# #....†)...#
.####...# #.........#
.....#### #.........#
.....# #.........#
.....# #.........#
.....# #.....v...#
.....# #.[...♣...#
.....######....vs...#
..........#.........#
..........#.........#
..........######.####
..........# #).....#
<..................#
#############......#
#......#


You could see a scorpion (ally target).

Vanquished Creatures
  A centaur skeleton (D:2)
  An adder (D:2)
  3 dart slugs (D:1)
  7 endoplasms
  3 giant cockroaches
  5 goblins (D:2)
  4 hobgoblins
  6 kobolds
  3 quokkas
  2 ball pythons (D:2)
  7 bats
  2 frilled lizards
44 creatures vanquished.

Vanquished Creatures (others)
  43 foxfires
43 creatures vanquished.

Grand Total: 87 creatures vanquished

Notes
Turn   | Place    | Note
-------+----------+-------------------------------------------
     0 | D:1      | rageheart7 the Demonspawn Wanderer began the quest for the
                  | Orb.
     0 | D:1      | rageheart7 set off with the following items: a +2 hand axe,
                  | a +0 falchion, 10 poisoned darts, a +0 dagger, a +0 robe
     0 | D:1      | Reached XP level 1. HP: 16/16 MP: 1/1
   305 | D:1      | Found a faded altar of an unknown god.
   340 | D:1      | Gained mutation: You have sharp toenails. [demonic
                  | ancestry]
   340 | D:1      | Reached XP level 2. HP: 23/23 MP: 2/2
   359 | D:1      | Became a worshipper of Vehumet
   359 | D:1      | Reached * piety under Vehumet
   359 | D:1      | Offered knowledge of Foxfire by Vehumet.
   362 | D:1      | Learned a level 1 spell: Foxfire
   591 | D:1      | Reached skill level 1 in Conjurations
   707 | D:1      | Reached XP level 3. HP: 20/28 MP: 3/3
  1037 | D:2      | Reached ** piety under Vehumet
  1080 | D:2      | Offered knowledge of Poisonous Vapours by Vehumet.
  1184 | D:2      | Reached skill level 1 in Spellcasting
  1184 | D:2      | Reached XP level 4. HP: 24/35 MP: 3/5
  1716 | D:2      | Learned a level 2 spell: Poisonous Vapours
  1940 | D:2      | Noticed a scorpion
  1955 | D:2      | HP: 1/52 [poisoned by a scorpion]
  1956 | D:2      | Succumbed to a scorpion's poison

Illustrated notes

Levels and vault maps discovered:
D:1:      scummos_arrival_simple_crosswalls, layout_loops_ring,
          hellmonk_ecumenical_altar_lost_god, kennysheep_decorative_pillar
D:2:      layout_basic

Skill      XL: |  1  2  3 |
---------------+----------+-----
Axes           | 3 |  3.0
Conjurations   | 1 2 |  2.3
Fighting       | 3 |  3.0
Spellcasting   | 1 |  1.3
Staves         | |  2.6
Throwing       | |  1.0
Evocations     | |  1.0

Action                   |  1- 3 |  4- 6 || total
-------------------------+-------+-------++-------
Melee: Hand axe          |    50 |    34 ||    84
       Kick              |     8 |    10 ||    18
 Cast: Foxfire           |     8 |    19 ||    27
  Use: Scroll            |     3 |       ||     3
       Potion            |       |     2 ||     2
 Stab: Sleeping          |     1 |       ||     1
Armor: Robe              |    12 |    16 ||    28
       Skin              |       |     1 ||     1
Dodge: Dodged            |    29 |    38 ||    67

Table legend: (Time is in decaauts)
 A = Elapsed time spent in this place.
 B = Non-inter-level travel time spent in this place.
 C = Inter-level travel time spent in this place.
 D = Time resting spent in this place.
 E = Time spent auto-exploring this place.
 F = Levels seen in this place.
 G = Mean time per level.
                   A        B        C        D        E       F      G
               +--------+--------+--------+--------+--------+-----+--------+
         Total |   1968 |   1960 |      8 |      0 |   1634 |   2 |  984.0 |
       Dungeon |   1968 |   1960 |      8 |      0 |   1634 |   2 |  984.0 |
               +--------+--------+--------+--------+--------+-----+--------+

Top non-repeatable levels by time:
     D:1: 1025 daAuts
     D:2: 943 daAuts
